 Dungeon Crawl Stone Soup version 0.24.1-14-gf8d2b509d9 (webtiles) character file.

Game seed: 12526951969825119074, levelgen mode: deterministic

61 Mrkan the Charlatan (level 4, 0/34 HPs)
             Began as a Gnoll Artificer on May 21, 2020.
             Slain by a gnoll
             ... wielding a +0 flail
              (8 damage)
             ... on level 2 of the Dungeon.
             The game lasted 00:01:52 (1809 turns).

Mrkan the Charlatan (Gnoll Artificer)               Turns: 1809, Time: 00:01:52

Health: 0/34       AC:  3    Str: 14    XL:     4   Next: 7%
Magic:  8/8        EV: 14    Int: 14    God:
Gold:   63         SH:  0    Dex: 16    Spells: 5/5 levels left

rFire    . . .     SeeInvis .   a - +0 short sword
rCold    . . .     Gourm    .   (no shield)
rNeg     . . .     Faith    .   b - +0 leather armour
rPois    .         Spirit   .   (no helmet)
rElec    .         Reflect  .   (no cloak)
rCorr    .         Harm     .   (no gloves)
MR       .....                  (no boots)
Stlth    ++........             (no amulet)
HPRegen  0.11/turn              (no ring)
MPRegen  0.11/turn              (no ring)

@: no status effects
A: distributed training, fangs 1, strong nose
a: no special abilities


You were on level 2 of the Dungeon.
You were hungry.

You visited 1 branch of the dungeon, and saw 2 of its levels.

You collected 63 gold pieces.

Inventory:

Hand Weapons
 a - a +0 short sword (weapon)
Armour
 b - a +0 leather armour (worn)
Jewellery
 j - an uncursed ring of fire {unknown}
Wands
 c - a wand of flame (15)
 d - a wand of enslavement (15)
 e - a wand of random effects (14)
Scrolls
 m - a scroll of amnesia {unknown}
Potions
 g - a potion of mutation {unknown}
 h - a potion of might
 i - a potion of magic {unknown}
 k - a potion of ambrosia {unknown}
 l - a potion of cancellation {unknown}
Comestibles
 f - 4 rations


   Skills:
 + Level 2.7 Fighting
 + Level 2.7 Short Blades
 + Level 1.0 Long Blades
 + Level 1.0 Axes
 + Level 1.0 Maces & Flails
 + Level 1.0 Polearms
 + Level 1.0 Staves
 + Level 1.0 Slings
 + Level 1.0 Bows
 + Level 1.0 Crossbows
 + Level 1.0 Throwing
 + Level 1.0 Armour
 + Level 4.6 Dodging
 + Level 2.5 Stealth
 + Level 1.0 Shields
 + Level 1.0 Unarmed Combat
 + Level 1.0 Spellcasting
 + Level 0.7 Conjurations
 + Level 0.7 Hexes
 + Level 0.7 Charms
 + Level 0.7 Summonings
 + Level 0.7 Necromancy
 + Level 0.7 Translocations
 + Level 0.7 Transmutations
 + Level 0.7 Fire Magic
 + Level 0.7 Ice Magic
 + Level 0.7 Air Magic
 + Level 0.7 Earth Magic
 + Level 0.7 Poison Magic
 + Level 1.1 Invocations
 + Level 6.5 Evocations


You had 5 spell levels left.
You didn't know any spells.
Your spell library was empty.

Dungeon Overview and Level Annotations

Branches:
Dungeon (2/15)

Altars:


Innate Abilities, Weirdness & Mutations

Your experience applies equally to all skills.
You have very sharp teeth.
Your uncanny sense of smell can sniff out nearby items.


Message History

A gnoll comes into view. It is wielding a +0 flail.
The gnoll shouts!
Sorry, you're not good enough to have a special ability.
Evoke which item? (* to show all) (? for menu, Esc to quit)
Aiming: Random Effects
Press: ? - help, Shift-Dir - straight line, f - gnoll
Aim: a gnoll, wielding a +0 flail The gnoll flickers and vanishes!
Deactivating autopickup; reactivate with Ctrl-A.
The gnoll shouts! x2
You closely miss something. Something hits you!
You hit something. Something barely misses you.
You miss something. Something hits you!
You miss something. You miss something. Your bite misses something.
Something hits you.
* * * LOW HITPOINT WARNING * * *
You hit something but do no damage. Something hits you.
* * * LOW HITPOINT WARNING * * *
You barely miss something. Something hits you!
You die...

#.##.##.##.#.#######
#.......##.#........
####.#####..........
#.# #......#### ##.#
##.....# # #..#
#.....# # #.##
#.....# # #.#
####### # #@# #
#{#### # #g#.. #
#g#{# #.#.####.#
#....g....
###.####.# .# ..


You could see 2 gnolls.

Vanquished Creatures
  2 adders (D:2)
  An ooze (D:2)
  A worm (D:2)
  2 dart slugs
  3 leopard geckos (D:1)
  3 goblins
  2 hobgoblins
  2 jackals (D:2)
  3 kobolds
  A quokka (D:2)
  A ball python (D:1)
  2 bats
  A frilled lizard (D:2)
  7 rats
31 creatures vanquished.

Notes
Turn   | Place    | Note
-------+----------+-------------------------------------------
     0 | D:1      | Mrkan the Gnoll Artificer began the quest for the Orb.
     0 | D:1      | Reached XP level 1. HP: 17/17 MP: 4/4
   268 | D:1      | Reached XP level 2. HP: 9/23 MP: 6/6
  1055 | D:2      | Reached XP level 3. HP: 4/28 MP: 7/7
  1432 | D:2      | Reached skill level 1 in Invocations
  1574 | D:2      | Reached skill level 1 in Long Blades
  1574 | D:2      | Reached skill level 1 in Axes
  1574 | D:2      | Reached skill level 1 in Maces & Flails
  1574 | D:2      | Reached skill level 1 in Polearms
  1574 | D:2      | Reached skill level 1 in Staves
  1574 | D:2      | Reached skill level 1 in Slings
  1574 | D:2      | Reached skill level 1 in Bows
  1574 | D:2      | Reached skill level 1 in Crossbows
  1574 | D:2      | Reached skill level 1 in Throwing
  1574 | D:2      | Reached skill level 1 in Armour
  1574 | D:2      | Reached skill level 1 in Shields
  1574 | D:2      | Reached skill level 1 in Unarmed Combat
  1574 | D:2      | Reached skill level 1 in Spellcasting
  1589 | D:2      | Reached XP level 4. HP: 14/34 MP: 8/8
  1809 | D:2      | Slain by a gnoll

Levels and vault maps discovered:
D:1:      shiori_shiawase, layout_basic
D:2:      layout_loops_cross, first_ration, grunt_qazlal_sundering, uniq_robin

Skill      XL: |  1  2  3 |
---------------+----------+-----
Invocations    | 1 |  1.1
Long Blades    | 1 |  1.0
Axes           | 1 |  1.0
Maces & Flails | 1 |  1.0
Polearms       | 1 |  1.0
Staves         | 1 |  1.0
Slings         | 1 |  1.0
Bows           | 1 |  1.0
Crossbows      | 1 |  1.0
Throwing       | 1 |  1.0
Armour         | 1 |  1.0
Shields        | 1 |  1.0
Unarmed Combat | 1 |  1.0
Spellcasting   | 1 |  1.0
Fighting       | |  2.7
Short Blades   | |  2.7
Dodging        | |  4.6
Stealth        | |  2.5
Conjurations   | |  0.7
Hexes          | |  0.7
Charms         | |  0.7
Summonings     | |  0.7
Necromancy     | |  0.7
Translocations | |  0.7
Transmutations | |  0.7
Fire Magic     | |  0.7
Ice Magic      | |  0.7
Air Magic      | |  0.7
Earth Magic    | |  0.7
Poison Magic   | |  0.7
Evocations     | |  6.5

Action                   |  1- 3 |  4- 6 || total
-------------------------+-------+-------++-------
Melee: Short sword       |   137 |    15 ||   152
       Bite              |     8 |     1 ||     9
       Punch             |     2 |       ||     2
Evoke: Wand              |       |     1 ||     1
  Use: Potion            |     2 |       ||     2
 Stab: Sleeping          |     3 |       ||     3
  Eat: Chunk             |     2 |       ||     2
Armor: Leather armour    |    18 |     2 ||    20
Dodge: Dodged            |    88 |     3 ||    91
